 Dungeon Crawl Stone Soup version 0.24.0-13-gcf9b319 (webtiles) character file.

Game seed: 16850532866769330987, levelgen mode: deterministic

435 Fang the Skirmisher (level 7, -12/44 HPs)
             Began as a Gargoyle Berserker on Nov 13, 2019.
             Was a Believer of Trog.
             Killed by divine providence
             ... invoked by an orc priest
              (14 damage)
             ... on level 4 of the Dungeon.
             The game lasted 00:03:12 (2860 turns).

Fang the Skirmisher (Gargoyle Berserker)            Turns: 2860, Time: 00:03:13

Health: -12/44     AC: 11    Str: 22    XL:     7   Next: 0%
Magic:  7/7        EV:  9    Int:  8    God:    Trog [**....]
Gold:   232        SH:  7    Dex:  9    Spells: 6/6 levels left

rFire    . . .     SeeInvis .   p - +1 war axe (chop)
rCold    . . .     Gourm    .   m - +0 shield
rNeg     + + .     Faith    .   b - +0 acid dragon scales (curse)
rPois    ∞         Spirit   .   (no helmet)
rElec    +         Reflect  .   (no cloak)
rCorr    +         Harm     .   (no gloves)
MR       .....                  (no boots)
Stlth    +.........             (no amulet)
HPRegen  0.14/turn              r - ring of positive energy
MPRegen  0.10/turn              (no ring)

@: berserk cooldown, slowed, very slow
A: negative energy resistance 1, electricity resistance, unbreathing,
petrification resistance, rot immunity, AC +4
a: Berserk, Trog's Hand, Renounce Religion


You were on level 4 of the Dungeon.
You worshipped Trog.
Trog was pleased with you.
You were not hungry.

You visited 1 branch of the dungeon, and saw 4 of its levels.

You collected 232 gold pieces.

Inventory:

Hand Weapons
 a - a +0 war axe
 p - a +1 war axe of chopping (weapon)
Armour
 b - cursed +0 acid dragon scales (worn)
 m - a +0 shield (worn)
Jewellery
 r - a ring of positive energy (left hand)
Scrolls
 f - 5 scrolls of identify {unknown}
 h - a scroll of immolation {unknown}
 j - 2 scrolls of fear {unknown}
 k - a scroll of magic mapping {unknown}
 n - 2 scrolls of remove curse {unknown}
Potions
 d - 3 potions of mutation {unknown}
 e - a potion of flight {unknown}
 g - a potion of cancellation {unknown}
 i - a potion of ambrosia {unknown}
 l - a potion of haste {unknown}
 o - 5 potions of curing
 q - a potion of lignification {unknown}
 s - a potion of degeneration {unknown}
 t - a potion of might {unknown}
Comestibles
 c - 6 rations


   Skills:
 + Level 5.0 Fighting
 + Level 4.1 Axes
 + Level 4.3 Armour
 + Level 3.2 Dodging


You had 6 spell levels left.
You didn't know any spells.
Your spell library was empty.

Dungeon Overview and Level Annotations

Branches:
Dungeon (4/15)             Temple (0/1) D:4

Altars:
Cheibriados


Innate Abilities, Weirdness & Mutations

You are resistant to torment.
Your stone body is resilient. (AC +4)
You are immune to poison.
You resist negative energy. (rN+)
You are resistant to electric shocks. (rElec)
You can survive without breathing.
You are immune to petrification.
You are immune to rotting.


Message History

Your shield prevents you from hitting the frilled lizard.
The frilled lizard bites you but does no damage.
You miss the frilled lizard.
You are no longer berserk.
You are exhausted.
You feel yourself slow down.
The frilled lizard bites you but does no damage.
The orc priest begins to cast a cantrip, but forgets the words!
You closely miss the frilled lizard.
The frilled lizard bites you but does no damage. x2
You miss the frilled lizard.
Your skin stops crawling.
You feel less resistant to hostile enchantments.
The frilled lizard bites you but does no damage.
The orc priest mumbles some strange prayers to Beogh against you.
Beogh smites you!
* * * LOW HITPOINT WARNING * * *
The orc priest calls down the wrath of Beogh upon you.
Beogh smites you!
You die...

...##### #.########.# #....
...##.# #.#........##########
#####.#######.#........##.......#
..............'.[................
#####.#########........##.......#
######## #### #####'##.##........
.......# ..... #.##..........#
.○°°...# .....o####..#.##........
.......# ....ool@......##.......#
.....○.# .....o#####.#.##........
.......# ..... .............
.....○.# .... ...########..
....°..# ..) ..... ..# .......#
## ...... .. ..°....# #..###
.......# .......#


You could see 2 orc priests, 2 orcs and a frilled lizard.

Vanquished Creatures
  Sigmund (D:4)
  An orc priest (D:4)
  2 orc wizards
  A centaur skeleton (D:4)
  An iguana (D:4)
  A howler monkey skeleton (D:2)
  4 adders
  2 oozes
  3 dart slugs
  2 leopard geckos (D:1)
  15 orcs
  8 bats
  5 giant cockroaches
  3 goblins
  7 hobgoblins
  9 kobolds
  2 quokkas
  7 rats
74 creatures vanquished.

Notes
Turn   | Place    | Note
-------+----------+-------------------------------------------
     0 | D:1      | Fang the Gargoyle Berserker began the quest for the Orb.
     0 | D:1      | Reached XP level 1. HP: 14/14 MP: 1/1
   175 | D:1      | Reached XP level 2. HP: 17/19 MP: 2/2
   990 | D:2      | Reached XP level 3. HP: 23/23 MP: 3/3
  1248 | D:2      | Found a snail-covered altar of Cheibriados.
  1339 | D:2      | Reached XP level 4. HP: 29/29 MP: 4/4
  1362 | D:2      | Reached ** piety under Trog
  1618 | D:3      | Reached skill level 4 in Fighting
  1831 | D:3      | Reached XP level 5. HP: 33/33 MP: 5/5
  2561 | D:4      | Reached XP level 6. HP: 39/39 MP: 6/6
  2646 | D:4      | Noticed Sigmund
  2655 | D:4      | Killed Sigmund
  2731 | D:4      | Found a staircase to the Ecumenical Temple.
  2849 | D:4      | Reached skill level 5 in Fighting
  2849 | D:4      | Reached XP level 7. HP: 35/44 MP: 7/7
  2860 | D:4      | HP: 2/44 [orc priest/divine providence (14)]
  2860 | D:4      | Killed from afar by an orc priest

Levels and vault maps discovered:
D:1:      minmay_arrival_hallway, layout_loops_ring, grunt_decor_resistance,
          minmay_pentomino_q4
D:2:      layout_rooms, cheibriados_altar_1, supply_closet_lemuel
D:3:      layout_loops_ring, first_ration
D:4:      layout_basic, lemuel_temple_firewalk_b,
          eino_small_chamber_without_monster, minmay_snake_closets,
          uniq_sigmund, uniq_crazy_yiuf_cottage

Skill      XL: |  1  2  3  4  5  6 |
---------------+-------------------+-----
Axes           | 3 4 |  4.1
Dodging        | 2 3 |  3.2
Armour         | 3 4 |  4.3
Fighting       | 4 5 |  5.0

Action                   |  1- 3 |  4- 6 |  7- 9 || total
-------------------------+-------+-------+-------++-------
Melee: Hand axe          |    88 |    81 |       ||   169
       War axe           |       |    47 |    11 ||    58
Invok: Berserk           |     1 |     5 |       ||     6
       Trog's Hand       |       |     1 |       ||     1
  Eat: Chunk             |     3 |     6 |       ||     9
       Ration            |       |     1 |       ||     1
Armor: Animal skin       |    36 |     2 |       ||    38
       Chain mail        |       |    43 |       ||    43
       Acid dragon scale |       |    13 |     6 ||    19
Dodge: Dodged            |    71 |    53 |     2 ||   126
Block: Shield            |       |    25 |     2 ||    27
